 Dungeon Crawl Stone Soup version 0.29-a0-360-g8ed1089bbe (webtiles) character file.

Game seed: 13156859131748302985

717 jaega1 the Cleaver (level 7, -5/57 HPs)
             Began as a Hill Orc Fighter on Apr 28, 2022.
             Slain by Duvessa
             ... wielding a +1 rapier of protection
              (7 damage)
             ... on level 3 of the Dungeon.
             The game lasted 00:07:56 (5254 turns).

jaega1 the Cleaver (Hill Orc Fighter)               Turns: 5254, Time: 00:07:57

Health: -5/57      AC:  6    Str: 19    XL:     7   Next: 70%
Magic:  7/7        EV: 24    Int:  8    God:
Gold:   184        SH:  4    Dex: 12    Spells: 6/6 levels left

rFire   . . .      SeeInvis .   a - +0 war axe
rCold   . . .      Faith    .   c - +0 buckler
rNeg    . . .      Spirit   .   b - +0 scale mail
rPois   .          Reflect  .   (no helmet)
rElec   .          Harm     .   (no cloak)
rCorr   +          Rampage  .   (no gloves)
Will    .....                   (no boots)
Stlth   ..........              h - amulet of the acrobat
HPRegen 0.19/turn               j - ring of resist corrosion
MPRegen 0.10/turn               (no ring)

@: acrobatic
A: no striking features
a: no special abilities


You were on level 3 of the Dungeon.
You visited 1 branch of the dungeon, and saw 4 of its levels.

You collected 184 gold pieces.

Inventory:

Hand Weapons
 a - a +0 war axe (weapon)
 g - a +0 hunting sling
Armour
 b - a +0 scale mail (worn)
 c - a +0 buckler (worn)
 f - an orb of energy
Jewellery
 h - an amulet of the acrobat (around neck)
 j - a ring of resist corrosion (left hand)
Scrolls
 e - a scroll of magic mapping
 n - a scroll of holy word {unknown}
Potions
 d - a potion of lignification
 i - 3 potions of resistance {unknown}
 k - a potion of curing
 l - a potion of degeneration {unknown}
 m - a potion of haste {unknown}
 o - 2 potions of berserk rage {unknown}
 p - a potion of heal wounds {unknown}


   Skills:
 - Level 3.6 Fighting
 * Level 11.0 Axes
 - Level 3.2 Armour
 - Level 3.2 Shields


You had 6 spell levels left.
You didn't know any spells.
Your spell library contained the following spells:

 Spells                   Type           Power      Damage    Failure   Level
 Summon Small Mammal      Summ           0%         N/A       86%         1
 Call Canine Familiar     Summ           0%         N/A       99%         3
 Portal Projectile        Hex/Tloc       0%         N/A       99%         3
 Summon Guardian Golem    Hex/Summ       0%         N/A       99%         3
 Leda's Liquefaction      Hex/Erth       0%         N/A       100%        4


Dungeon Overview and Level Annotations

Branches:
Dungeon (4/15)
 Temple: D:4-7

Altars:

Shops:
D:1 !

Annotations:
D:3 Dowan, Duvessa


Message History

You slash Duvessa!
Duvessa is severely wounded.
Duvessa hits you but does no damage.
You barely miss Duvessa.
Duvessa is severely wounded.
Duvessa hits you with a +1 rapier of protection.
You hit Duvessa but do no damage.
Duvessa is severely wounded.
You block Duvessa's attack.
You barely miss Duvessa.
Duvessa is severely wounded.
Duvessa hits you with a +1 rapier of protection.
You hit Duvessa.
Duvessa is severely wounded.
Duvessa hits you with a +1 rapier of protection.
You closely miss Duvessa.
Duvessa is severely wounded.
Duvessa hits you with a +1 rapier of protection!
* * * LOW HITPOINT WARNING * * *
You block Dowan's attack.
You climb upwards.
There is a stone staircase leading down here.
Dowan attacks as you move away! Dowan hits you but does no damage.
Duvessa hits you with a +1 rapier of protection.
* * * LOW HITPOINT WARNING * * *
Dowan attacks as you move away! Dowan hits you but does no damage.
Duvessa barely misses you. Dowan attacks as you move away!
Dowan closely misses you.
Dowan points at Duvessa and mumbles some strange words.
Duvessa seems to speed up.
Dowan casts a spell.
Dowan blinks!
You block Duvessa's attack. Duvessa barely misses you.
Duvessa attacks as you move away!
Duvessa hits you with a +1 rapier of protection!
* * * LOW HITPOINT WARNING * * *
Duvessa attacks as you move away!
Duvessa hits you with a +1 rapier of protection!
You die...

..........# .#####.##.## .#
#.#...## .# #...#..#
################ .# #.#....#
#.........§..... .#####.##.#.#
#.#########..>.. .......##.#.#
#.### #.###.
###.#####.#.######...# #.# #. #.#
#....)...@e.#.# #.# #. #.#
#..#<######.#.# ###.###. ##.##
#..#.# ##.#.# #.......
##...###..#.#####.#..# #.#.###.
...#.†....#......###.#####.#.....
##...###.########.#........##....
##.## #.# #..#.#####.##.### #.#
#.# #.##.# #.##.# # ###.# #.#
#.##.# #.##.# #


You could see Duvessa (fast).

Vanquished Creatures
  Grinder (D:3)
  Eustachio (D:4)
  A scorpion (D:4)
  A howler monkey (D:4)
  A hound (D:3)
  2 iguanas (D:4)
  An orc wizard (D:4)
  4 adders
  4 gnolls (D:2)
  4 dart slugs
  17 orcs
  11 ball pythons
  10 endoplasms
  4 giant cockroaches
  5 hobgoblins
  2 jackals (D:1)
  5 quokkas
  6 bats
  A frilled lizard (D:1)
  4 goblins
  8 kobolds
  5 rats
98 creatures vanquished.

Vanquished Creatures (others)
  A fungus (D:3)
  9 plants
10 creatures vanquished.

Grand Total: 108 creatures vanquished

Notes
Turn   | Place    | Note
-------+----------+-------------------------------------------
     0 | D:1      | jaega1 the Hill Orc Fighter began the quest for the Orb.
     0 | D:1      | Reached XP level 1. HP: 19/19 MP: 1/1
    50 | D:1      | Reached skill level 3 in Axes
    81 | D:1      | Reached XP level 2. HP: 15/26 MP: 2/2
   559 | D:1      | Reached skill level 4 in Axes
   623 | D:1      | Found Fani's Distillery.
   864 | D:1      | Reached XP level 3. HP: 23/31 MP: 3/3
  1753 | D:2      | Reached skill level 5 in Axes
  1756 | D:2      | Reached XP level 4. HP: 18/39 MP: 4/4
  1768 | D:2      | Reached skill level 6 in Axes
  2871 | D:3      | Reached XP level 5. HP: 45/45 MP: 5/5
  3112 | D:3      | Noticed Grinder
  3140 | D:2      | Reached skill level 7 in Axes
  3286 | D:4      | Noticed Eustachio
  3433 | D:3      | Killed Grinder
  3434 | D:3      | Reached skill level 9 in Axes
  3434 | D:3      | Reached XP level 6. HP: 16/51 MP: 6/6
  3769 | D:3      | Found a faded altar of an unknown god.
  4195 | D:4      | Reached XP level 7. HP: 54/57 MP: 7/7
  4877 | D:4      | Killed Eustachio
  4878 | D:4      | Reached skill level 10 in Axes
  5068 | D:4      | Reached skill level 11 in Axes
  5187 | D:4      | Noticed Dowan
  5188 | D:4      | Noticed Duvessa
  5253 | D:3      | HP: 1/57 [Duvessa/+1 rapier of protection (9)]
  5254 | D:3      | Slain by Duvessa

Illustrated notes

Levels and vault maps discovered:
D:1:      minmay_arrival_diagonal_passages, layout_basic,
          serial_co_window_serial, co_window_cross_1,
          co_window_of_opportunity_a, co_window_paths_a,
          co_window_of_opportunity_a, co_window_corner_a, co_window_broadway_c,
          co_window_broadway_a, co_window_of_opportunity_b, co_window_2corner,
          glass_columns_c, glass_columns_a, serial_shops, nicolae_square_shop,
          chequers_big_river
D:2:      minmay_angry_zag, layout_loops_ring
D:3:      layout_loops_ring, shapermc_ecumenical_altar_acropolis, uniq_grinder
D:4:      layout_cave_pods, uniq_duvessa, uniq_eustachio

Skill      XL: |  1  2  3  4  5  6  7 |
---------------+----------------------+-----
Axes           | 3 4 5 6 9 11 | 11.0
Fighting       | |  3.6
Armour         | |  3.2
Shields        | |  3.2

Action                   |  1- 3 |  4- 6 |  7- 9 || total
-------------------------+-------+-------+-------++-------
Melee: War axe           |    61 |   147 |    93 ||   301
  Use: Scroll            |       |     3 |     1 ||     4
       Potion            |       |     1 |       ||     1
Armor: Scale mail        |    28 |    53 |    43 ||   124
Dodge: Dodged            |    32 |    89 |    77 ||   198
Block: Buckler           |    10 |    40 |    28 ||    78

Table legend: (Time is in decaauts)
 A = Elapsed time spent in this place.
 B = Non-inter-level travel time spent in this place.
 C = Inter-level travel time spent in this place.
 D = Time resting spent in this place.
 E = Time spent auto-exploring this place.
 F = Levels seen in this place.
 G = Mean time per level.
                   A        B        C        D        E       F      G
               +--------+--------+--------+--------+--------+-----+--------+
         Total |   5317 |   5156 |    161 |   1246 |   2912 |   4 | 1329.2 |
       Dungeon |   5317 |   5156 |    161 |   1246 |   2912 |   4 | 1329.2 |
               +--------+--------+--------+--------+--------+-----+--------+

Top non-repeatable levels by time:
     D:1: 1495 daAuts
     D:3: 1479 daAuts
     D:2: 1332 daAuts
     D:4: 1009 daAuts
